 Dungeon Crawl Stone Soup version 0.31-a0-889-g1a8549509d (webtiles) character file.

Game seed: 3098128779540984115

12446 Fodor the Basher (level 11, -1/100 HPs)
             Began as a Minotaur Fighter on Oct 15, 2023.
             Was an Initiate of Gozag.
             Slain by a vault guard
             ... wielding a +0 great mace
              (3 damage)
             ... on level 11 of the Dungeon on Oct 16, 2023.
             The game lasted 00:59:47 (9965 turns).

Fodor the Basher (Minotaur Fighter)                 Turns: 9965, Time: 00:59:47

Health: -1/100     AC: 17    Str: 28    XL:     11   Next: 62%
Magic:  10/10      EV: 12    Int:  3    God:    Gozag
Gold:   1906       SH:  0    Dex: 10    Spells: 10/10 levels left

rFire   + . .        T - +2 great mace (flame)
rCold   + . .        (shield currently unavailable)
rNeg    + . .        V - +4 ring mail "Pishufisyst" {rF+ Str+3 Int-2}
rPois   .            E - +1 hat {Stlth+}
rElec   .            D - scarf {repulsion}
rCorr   .            (no gloves)
SInv    .            x - +4 pair of boots "Teatisacw" {rC+}
Will    +....        C - amulet of regeneration
Stlth   ++           s - ring of willpower
HPRegen 1.16/turn    y - ring of positive energy
MPRegen 0.12/turn

%: repel missiles
@: no status effects
A: horns 2, retaliatory headbutt
a: Renounce Religion, Potion Petition, Call Merchant, Bribe Branch


You were on level 11 of the Dungeon.
You worshipped Gozag.
Gozag was most pleased with you.
You visited 2 branches of the dungeon, and saw 12 of its levels.
You also visited: Sewer and Ossuary.

You collected 2086 gold pieces.
You spent 60 gold pieces at shops.
You paid 120 gold pieces to Gozag.

Inventory:

Hand Weapons
 K - a +4 dire flail
 N - a +2 shortbow of flaming
 T - a +2 great mace of flaming (weapon)
Missiles
 r - 6 javelins (quivered)
 H - 25 poisoned darts
 S - 4 atropa-tipped darts
Armour
 c - a +0 buckler
 x - the +4 pair of boots "Teatisacw" (worn) {rC+}
   (You found it on level 4 of the Dungeon)

   rC+:       It protects you from cold.
 D - a scarf of repulsion (worn)
 E - a +1 hat of stealth (worn)
 I - a +0 chain mail
 O - a scarf of shadows
 V - the +4 ring mail "Pishufisyst" (worn) {rF+ Str+3 Int-2}
   (You found it on level 10 of the Dungeon)

   Str+3:     It affects your strength (+3).
   Int-2:     It affects your intelligence (-2).
   rF+:       It protects you from fire.
Jewellery
 s - a ring of willpower (left hand)
 y - a ring of positive energy (right hand)
 C - an amulet of regeneration (around neck)
Talismans
 h - a serpent talisman
 L - a blade talisman
Wands
 n - a wand of flame (8)
 F - a wand of polymorph (11)
Scrolls
 a - 2 scrolls of poison
 e - a scroll of brand weapon
 f - 6 scrolls of amnesia
 g - a scroll of enchant weapon
 k - 2 scrolls of revelation {unknown}
 m - 6 scrolls of teleportation
 o - a scroll of noise {unknown}
 t - a scroll of butterflies
 u - 5 scrolls of enchant armour
 v - 7 scrolls of fear
 B - a scroll of torment {unknown}
 G - 4 scrolls of fog
 J - 3 scrolls of identify
 U - a scroll of blinking
Potions
 b - a potion of attraction {unknown}
 d - 4 potions of might
 i - 2 potions of lignification {unknown}
 j - 3 potions of haste {unknown}
 l - 7 potions of curing
 p - 4 potions of enlightenment {unknown}
 q - 3 potions of ambrosia {unknown}
 w - 4 potions of invisibility {unknown}
 z - 7 potions of resistance {unknown}
 A - a potion of mutation {unknown}
 M - a potion of magic {unknown}
 P - a potion of brilliance {unknown}
 R - a potion of heal wounds
Miscellaneous
 Q - a tin of tremorstones (2/2)


   Skills:
 + Level 10.2 Fighting
 + Level 5.1 Long Blades
 + Level 14.4 Maces & Flails
 + Level 1.7 Throwing
 + Level 10.1 Armour
 + Level 5.1 Dodging
 + Level 1.8 Stealth
 + Level 7.5 Shields
 + Level 0.1 Evocations


You had 10 spell levels left.
You didn't know any spells.
Your spell library contained the following spells:

 Spells                   Type           Power      Damage    Failure   Level
 Necrotise                Necr           0%         1d4       63%         1
 Sandblast                Erth           0%         2d4       63%         1
 Summon Small Mammal      Summ           0%         N/A       63%         1
 Passwall                 Tmut/Erth      0%         N/A       77%         2
 Static Discharge         Conj/Air       0%         2-2/arc   77%         2
 Sublimation of Blood     Necr           0%         N/A       77%         2
 Call Canine Familiar     Summ           0%         N/A       94%         3
 Hailstorm                Conj/Ice       0%         3d3       94%         3
 Ozocubu's Armour         Ice            0%         N/A       94%         3
 Stone Arrow              Conj/Erth      0%         3d7       94%         3
 Summon Guardian Golem    Hex/Summ       0%         N/A       94%         3
 Vampiric Draining        Necr           0%         2d6       94%         3
 Airstrike                Air            0%         2d(0-16)  100%        4
 Brom's Barrelling Bould  Conj/Erth      0%         2d3       100%        4
 Passage of Golubria      Tloc           0%         N/A       100%        4
 Petrify                  Tmut/Erth      0%         N/A       100%        4
 Summon Ice Beast         Ice/Summ       0%         N/A       100%        4
 Summon Lightning Spire   Summ/Air       0%         N/A       100%        4
 Agony                    Necr           0%         N/A       100%        5
 Irradiate                Conj/Tmut      0%         3d11      100%        5
 Metabolic Englaciation   Hex/Ice        0%         N/A       100%        5
 Silence                  Hex/Air        0%         N/A       100%        5
 Lehudib's Crystal Spear  Conj/Erth      0%         10d2      100%        8
 Simulacrum               Ice/Necr       Unusable   N/A       N/A         6

Dungeon Overview and Level Annotations

Branches:
Dungeon (11/15)            Temple (1/1) D:5            Lair (0/5) D:9
    Orc (0/2) D:9           Sewer (visited)         Ossuary (visited)

Altars:
Ashenzari
Cheibriados
Dithmenos
Elyvilon
Fedhas
Gozag
Hepliaklqana
Kikubaaqudgha
Makhleb
Nemelex Xobeh
Okawaru
Qazlal
Ru
Sif Muna
Trog
Uskayaw
Vehumet
Wu Jian
Xom
Yredelemnul
Zin

Shops:
D:4 =   D:10 *

Portals:
Trove: D:11 (give +3 ice dragon scales)

Annotations:
D:2 1 runed translucent door, Crazy Yiuf
D:7 lotum's ghost, novice FoFi


Innate Abilities, Weirdness & Mutations

You have a pair of horns on your head.
You reflexively headbutt those who attack you in melee.


Message History

You headbutt the vault guard, but do no damage.
The vault guard hits you with a +0 great mace.
You sock the vault guard! You burn the vault guard.
You headbutt the vault guard, but do no damage.
The vault guard is lightly wounded.
The vault guard barely misses you.
You hit the vault guard. You burn the vault guard.
The vault guard is moderately wounded.
The vault guard hits you with a +0 great mace.
You closely miss the vault guard. Your headbutt misses the vault guard.
The vault guard is moderately wounded.
The vault guard hits you with a +0 great mace!
You sock the vault guard! You burn the vault guard.
Your headbutt misses the vault guard.
The vault guard is moderately wounded.
The vault guard hits you with a +0 great mace!
You hit the vault guard but do no damage.
Your headbutt misses the vault guard.
The vault guard is moderately wounded.
You barely miss the vault guard. You headbutt the vault guard!
The vault guard is heavily wounded.
The vault guard hits you with a +0 great mace!
You completely miss the vault guard. Your headbutt misses the vault guard.
The vault guard is heavily wounded.
The vault guard hits you with a +0 great mace!!
* * * LOW HITPOINT WARNING * * *
You hit the vault guard but do no damage.
You headbutt the vault guard.
The vault guard is heavily wounded.
The vault guard hits you with a +0 great mace.
* * * LOW HITPOINT WARNING * * *
You hit the vault guard but do no damage.
The vault guard is heavily wounded.
The vault guard hits you with a +0 great mace!!
* * * LOW HITPOINT WARNING * * *
You barely miss the vault guard.
The vault guard is heavily wounded.
The vault guard hits you with a +0 great mace.
You die...
Your body crumbles into a pile of gold.

.# #...[...#
#.##...>#.#.#
## #.#.###.#
#...........#
#...# #.#
###..#..#...#
##### ###
#.##..)...#
##.##......#
#..##.######
#.#####
#.#≈.≈#..
#@p§§.'.∩
###§.§#..
####


You could see a vault guard.

Vanquished Creatures
  Erolcha (D:11)
  2 two-headed ogres (D:11)
  Amaemon (D:8)
  3 cyclopes (D:11)
  2 komodo dragons (D:10)
  2 trolls (D:11)
  2 hornets
  13 yaks
  A shadow (D:11)
  4 wraiths
  A wyvern (D:9)
  2 acid dragons (D:10)
  Duvessa (D:5)
  4 water moccasins
  2 orc warriors
  3 ice beasts
  2 black bears
  2 centaurs
  A phantom (D:7)
  3 kobold brigands
  9 bullfrogs
  An elf zombie (Ossuary)
  A gnoll sergeant (D:9)
  5 scorpions
  8 wights (D:7)
  Dowan (D:5)
  7 killer bees
  3 howler monkeys
  A jelly (D:7)
  4 human zombies (Ossuary)
  2 hounds
  6 orc priests
  A sleepcap (D:5)
  6 orc wizards
  Natasha (twice) (D:3)
  4 iguanas
  2 hound zombies (Ossuary)
  4 mummies (Ossuary)
  4 gnolls (D:5)
  20 adders
  3 river rats (Sewer)
  2 shadow imps (D:6)
  2 ufetubi (D:7)
  An adder zombie (Ossuary)
  5 worms
  4 dart slugs
  19 orcs
  15 endoplasms
  5 giant cockroaches
  2 gnoll zombies (Ossuary)
  9 goblins
  3 hobgoblins (D:1)
  3 jackals
  15 kobolds
  8 quokkas
  6 ball pythons
  6 bats
  6 frilled lizards
  An orc zombie (Ossuary)
  3 rats
  A rat zombie (Ossuary)
262 creatures vanquished.

Notes
Turn   | Place    | Note
-------+----------+-------------------------------------------
     0 | D:1      | Fodor the Minotaur Fighter began the quest for the Orb.
     0 | D:1      | Reached XP level 1. HP: 19/19 MP: 0/0
   246 | D:1      | Reached XP level 2. HP: 10/27 MP: 1/1
  1008 | D:2      | Reached XP level 3. HP: 33/33 MP: 2/2
  1369 | D:2      | Reached XP level 4. HP: 40/40 MP: 3/3
  1463 | D:2      | Reached skill level 1 in Dodging
  1506 | D:2      | Upgraded the game from 0.31-a0-879-g1609e0ac53 to
                  | 0.31-a0-889-g1a8549509d
  1961 | D:2      | Reached XP level 5. HP: 47/47 MP: 4/4
  1976 | D:2      | Found a runed translucent door.
  1977 | D:2      | Noticed Crazy Yiuf
  2366 | D:3      | Found a faded altar of an unknown god.
  2423 | D:3      | Noticed Natasha
  2427 | D:3      | Killed Natasha
  2428 | D:3      | Reached skill level 5 in Armour
  2560 | D:3      | Reached skill level 1 in Stealth
  2567 | D:3      | Noticed Natasha
  2579 | D:3      | Killed Natasha
  2914 | D:4      | Found Eraasukh's Jewellery Shop.
  2953 | D:4      | Identified the +4 pair of boots "Teatisacw" {rC+}
  3433 | D:4      | Reached XP level 6. HP: 53/53 MP: 5/5
  3441 | D:4      | Found a radiant altar of Vehumet.
  3898 | D:5      | Entered Level 5 of the Dungeon
  3906 | D:5      | Reached skill level 5 in Long Blades
  3987 | D:5      | Reached skill level 1 in Maces & Flails
  3989 | D:5      | Reached skill level 5 in Fighting
  4165 | D:5      | Found a staircase to the Ecumenical Temple.
  4177 | Temple   | Entered the Ecumenical Temple
  4187 | Temple   | Became a worshipper of Gozag Ym Sagoz the Greedy
  4222 | D:5      | Noticed Duvessa
  4222 | D:5      | Noticed Dowan
  4237 | D:5      | Killed Duvessa
  4238 | D:5      | Reached skill level 2 in Maces & Flails
  4238 | D:5      | Reached XP level 7. HP: 22/61 MP: 6/6
  4244 | D:5      | Killed Dowan
  4245 | D:5      | Reached skill level 3 in Maces & Flails
  5055 | D:6      | Found a broken altar of Ashenzari.
  5060 | D:6      | Reached skill level 4 in Maces & Flails
  5141 | D:6      | Found a glowing drain.
  5156 | Sewer    | Entered a sewer
  5434 | Sewer    | Reached skill level 5 in Maces & Flails
  5434 | Sewer    | Reached skill level 5 in Shields
  5434 | Sewer    | Reached XP level 8. HP: 68/70 MP: 7/7
  5893 | D:6      | Identified the +2 falchion "Wiass" {flame, rElec rF++
                  | Str-3}
  5984 | D:6      | Reached skill level 6 in Maces & Flails
  6386 | D:7      | Reached skill level 7 in Maces & Flails
  6538 | D:7      | Noticed lotum's ghost (novice FoFi)
  6538 | D:7      | Noticed a skeletal warrior
  6543 | D:7      | Found a transporter.
  6616 | D:7      | Found a sand-covered staircase.
  6628 | Ossuary  | Entered an ossuary
  6673 | Ossuary  | Reached XP level 9. HP: 70/78 MP: 8/8
  6926 | D:7      | Reached skill level 8 in Maces & Flails
  7081 | D:7      | Reached skill level 9 in Maces & Flails
  7282 | D:7      | Found a transporter.
  7554 | D:7      | Found a shadowy altar of Dithmenos.
  7665 | D:7      | Identified the +7 spear of Kouchais {elec, +Blink rN+
                  | Stlth+}
  7776 | D:8      | Noticed Amaemon
  7779 | D:8      | Noticed an orange demon
  7834 | D:8      | Reached XP level 10. HP: 34/88 MP: 9/9
  7840 | D:8      | Killed Amaemon
  7841 | D:8      | Reached skill level 10 in Maces & Flails
  7926 | D:9      | Found a staircase to the Orcish Mines.
  8018 | D:9      | Reached skill level 11 in Maces & Flails
  8104 | D:9      | Found a large runed translucent door.
  8104 | D:9      | Found a large runed translucent door.
  8180 | D:9      | Found a staircase to the Lair.
  8424 | D:9      | Found an iron altar of Okawaru.
  8440 | D:9      | Found a bloodstained altar of Trog.
  8498 | D:10     | Entered Level 10 of the Dungeon
  8571 | D:10     | Reached skill level 12 in Maces & Flails
  8593 | D:10     | Found Surumirph's CLEARANCE SALE!.
  8602 | D:10     | Bought a potion of heal wounds for 20 gold pieces
  8602 | D:10     | Bought 4 atropa-tipped darts for 14 gold pieces
  8602 | D:10     | Bought a +0 great mace for 26 gold pieces
  8884 | D:10     | Identified the +4 ring mail "Pishufisyst" {rF+ Str+3 Int-2}
  9360 | D:10     | Reached XP level 11. HP: 60/97 MP: 10/10
  9456 | D:11     | Found an iron altar of Okawaru.
  9457 | D:11     | Noticed a two-headed ogre
  9467 | D:11     | Reached skill level 13 in Maces & Flails
  9506 | D:11     | Killed a two-headed ogre
  9553 | D:11     | Reached skill level 1 in Throwing
  9697 | D:11     | Noticed a two-headed ogre
  9709 | D:11     | Reached skill level 10 in Armour
  9713 | D:11     | Killed a two-headed ogre
  9714 | D:11     | Reached skill level 14 in Maces & Flails
  9714 | D:11     | Reached skill level 5 in Dodging
  9809 | D:11     | Reached skill level 10 in Fighting
  9898 | D:11     | Noticed Erolcha
  9908 | D:11     | Killed Erolcha
  9952 | D:11     | Noticed a vault guard
  9954 | D:11     | Found a portal to a secret trove of treasure.
  9964 | D:11     | HP: 1/100 [vault guard/+0 great mace (20)]
  9965 | D:11     | Slain by a vault guard

Illustrated notes

Levels and vault maps discovered:
D:1:      heliophobic_arrival_battle_scene, layout_basic, eino_curves_02
D:2:      layout_loops_ring, minmay_joined_circles, uniq_crazy_yiuf_cottage
D:3:      layout_rooms, basic_ecumenical_altar, skrybe_limestone_x,
          minmay_randomly_rotated_circles, uniq_natasha
D:4:      layout_basic, mainiacjoe_overflow_six_doors_small, serial_shops, shop,
          serial_bayou_lake_a
D:5:      layout_basic, minmay_temple_entry_proselytizer,
          hangedman_abyss_or_decor_stagger, uniq_duvessa
D:6:      layout_basic, ashenzari_altar_1, gup_sewer_entry_spiral
D:7:      layout_basic, kennysheep_mini_moat, nzn_ghost_randoct,
          nicolae_ossuary_entry_monument, chequers_decorated_corner
D:8:      layout_rooms, nicolae_tso_swordbearing_angel,
          guppyfry_early_elven_hall, uniq_amaemon
D:9:      layout_big_octagon, jmf_multi_god_temple2,
          due_lair_maze_entry_diamond, orc_0_dummy
D:10:     layout_basic, nicolae_shop_clearance
D:11:     minmay_weird_star, layout_basic, enter_trove_5,
          okawaru_ov_weapons_minmay, uniq_erolcha
Temple:   eino_temple_scatter_basement

Skill      XL: |  1  2  3  4  5  6  7  8  9 10 11 |
---------------+----------------------------------+-----
Armour         | 4 5 6 7 8 9 10 | 10.1
Shields        | 4 5 7 |  7.5
Fighting       | 4 5 6 8 9 10 | 10.2
Long Blades    | 3 4 5 |  5.1
Dodging        | 1 2 4 5 |  5.1
Stealth        | 1 |  1.8
Maces & Flails | 2 5 7 9 12 14 | 14.4
Throwing       | 1 |  1.7
Evocations     | |  0.1

Action                     |  1- 3 |  4- 6 |  7- 9 | 10-12 || total
---------------------------+-------+-------+-------+-------++-------
  Melee: Long sword        |    86 |   103 |       |       ||   189
         Headbutt          |    12 |    27 |    82 |    48 ||   169
         Flail             |       |    48 |   371 |       ||   419
         Dire flail        |       |       |    70 |   100 ||   170
         Great mace        |       |       |       |   105 ||   105
  Throw: Throwing net      |     1 |     1 |       |       ||     2
         Javelin           |       |       |       |    11 ||    11
         Dart              |       |       |       |     2 ||     2
  Evoke: Wand              |       |       |     1 |       ||     1
    Use: Scroll            |       |       |    13 |     4 ||    17
         Potion            |       |       |     2 |     7 ||     9
   Stab: Held in net/web   |     1 |       |       |       ||     1
         Distracted        |       |       |       |     1 ||     1
 Armour: Scale mail        |    60 |   111 |   187 |       ||   358
         Chain mail        |       |       |   232 |    94 ||   326
         Ring mail         |       |       |       |    86 ||    86
  Dodge: Dodged            |    47 |    86 |   240 |   105 ||   478
         Repelled          |       |       |     2 |       ||     2
  Block: Buckler           |    20 |    47 |   112 |       ||   179

Table legend: (Time is in decaauts)
 A = Elapsed time spent in this place.
 B = Non-inter-level travel time spent in this place.
 C = Inter-level travel time spent in this place.
 D = Time resting spent in this place.
 E = Time spent auto-exploring this place.
 F = Levels seen in this place.
 G = Mean time per level.
                   A        B        C        D        E       F      G
               +--------+--------+--------+--------+--------+-----+--------+
         Total |  10251 |   9937 |    314 |   1008 |      0 |  14 |  732.2 |
       Dungeon |   9308 |   8994 |    314 |   1008 |      0 |  11 |  846.2 |
        Temple |     33 |     33 |      0 |      0 |      0 |   1 |   33.0 |
         Sewer |    657 |    657 |      0 |      0 |      0 |   1 |  657.0 |
       Ossuary |    252 |    252 |      0 |      0 |      0 |   1 |  252.0 |
               +--------+--------+--------+--------+--------+-----+--------+

Top non-repeatable levels by time:
     D:4: 1220 daAuts
     D:7: 1172 daAuts
     D:2: 1143 daAuts
     D:5: 1140 daAuts
     D:1: 1019 daAuts
    D:10: 897 daAuts
     D:6: 855 daAuts
   Sewer: 657 daAuts
     D:9: 608 daAuts
     D:3: 583 daAuts
    D:11: 577 daAuts
 Ossuary: 252 daAuts
     D:8: 90 daAuts
  Temple: 33 daAuts
